 Dungeon Crawl Stone Soup version 0.16.2-12-gd0ad4c3 (webtiles) character file.

963 faibistes the Thaumaturge (level 7, -1/36 HPs)
             Began as a Deep Elf Wizard on Feb 9, 2018.
             Was a Believer of Sif Muna.
             Slain by an iguana (7 damage)
             ... on level 5 of the Dungeon on Feb 10, 2018.
             The game lasted 00:17:02 (7628 turns).

faibistes the Thaumaturge (Deep Elf Wizard)         Turns: 7628, Time: 00:17:03

Health: -1/36      AC:  2    Str:  4    XL:     7   Next: 92%
Magic:  24/26      EV: 14    Int: 25    God:    Sif Muna [**....]
Gold:   295        SH:  0    Dex: 13    Spells: 6 memorised, 9 levels left

rFire  . . .     SeeInvis +     w - +1 dagger (venom)
rCold  . . .     Clarity  .     a - +0 robe (curse)
rNeg   . . .     SustAb   .     (no shield)
rPois  .         Gourm    .     b - +0 hat
rElec  .         Spirit   .     (no cloak)
rCorr  .         Warding  .     (no gloves)
rMut   .         Stasis   .     (no boots)
MR     .....                    (no amulet)
Stlth  ++........               (no ring)
                                m - ring of see invisible

@: not resistant to hostile enchantments, unstealthy
A: hooves 1
a: Channel Energy, Forget Spell, Renounce Religion


You were on level 5 of the Dungeon.
You worshipped Sif Muna.
Sif Muna was pleased with you.
You were not hungry.

You visited 2 branches of the dungeon, and saw 7 of its levels.
You also visited: Ossuary.

You collected 295 gold pieces.

Inventory:

Hand weapons
 j - a +0 club
 l - a cursed +0 dagger
 w - a +1 dagger of venom (weapon)
Armour
 a - a cursed +0 robe (worn)
 b - a +0 hat (worn)
Jewellery
 m - a ring of see invisible (left hand)
Magical devices
 s - a wand of disintegration (24)
 y - a wand of slowing (29)
 B - a wand of flame (16)
Scrolls
 e - 2 scrolls of remove curse
 n - 4 scrolls of teleportation
 A - a scroll of fear
 C - a scroll of blinking
Potions
 f - 3 potions of flight
 g - 3 potions of haste
 h - 4 potions of curing
 k - 2 potions of heal wounds
 o - 2 potions of might
 p - 2 potions of cure mutation {unknown}
 q - 2 potions of magic {unknown}
 r - 2 potions of agility {unknown}
 t - a potion of restore abilities {unknown}
 v - a potion of ambrosia {unknown}
 z - a potion of invisibility {unknown}
Books
 c - a book of Minor Magic

   Spells                             Type                      Level
   a - Magic Dart                     Conjuration                  1
   b - Blink                          Translocation                2
   c - Call Imp                       Summoning                    2
   d - Repel Missiles                 Charms/Air                   2
   e - Slow                           Hexes                        2
   f - Conjure Flame                  Conjuration/Fire             3
   g - Mephitic Cloud                 Conjuration/Poison/Air       3
Comestibles
 d - 3 bread rations
 i - 2 beef jerkies
 u - a meat ration


   Skills:
 + Level 4.8 Dodging
 - Level 2.4 Stealth
 * Level 8.1 Spellcasting
 * Level 4.8 Conjurations
 * Level 2.8 Summonings
 - Level 2.1 Translocations
 * Level 2.3 Fire Magic
 * Level 1.6 Air Magic
 + Level 1.4 Poison Magic


You had 9 spell levels left.
You knew the following spells:

 Your Spells              Type           Power        Failure   Level  Hunger
a - Magic Dart            Conj           ####         1%          1    None
b - Conjure Flame         Conj/Fire      ####....     4%          3    None
c - Call Imp              Summ           ###.....     3%          2    None
d - Blink                 Tloc           N/A          4%          2    None
e - Mephitic Cloud        Conj/Pois/Air  ###.....     8%          3    None
f - Repel Missiles        Chrm/Air       ##....       10%         2    None


Dungeon Overview and Level Annotations

Branches:
Dungeon (6/15)             Temple (1/1) D:4

Altars:
Cheibriados
Elyvilon
Fedhas
Gozag
Kikubaaqudgha
Makhleb
Nemelex Xobeh
Okawaru
Qazlal
Sif Muna
Trog
Vehumet
Yredelemnul
Zin
The Shining One


Innate Abilities, Weirdness & Mutations

You have large cloven feet.


Message History

You start resting.
HP restored.
You start resting.
Magic restored.
You climb downwards.
The iguana barely misses you. The sky beast closely misses you.
The orc closely misses you.
The orc priest calls down the wrath of Beogh upon you.
Something smites you!
There is a stone staircase leading up, spattered with blood here.
The iguana barely misses you. The orc hits you. The sky beast hits you.
The sky beast shocks you.
The orc priest invokes the aid of Beogh against you.
Something smites you!
* * * LOW HITPOINT WARNING * * *
You climb upwards.
There is a stone staircase leading down here.
Casting: Magic Dart
Confirm with . or Enter, or press ? or * to list all spells.
You blink.
The iguana bites you!
You die...

.... .# ... .. #...###.
#.#..##.###### #
....##..#.<># + .
###..##.#...# # #..#
#.o.[.......# ### #
#...##ยง..........# ###...
#
#....#Yl@...#....###.....
#
#>............?..........
.
......#...)..........)....
..
#....##...[..##...########
... ##### #....[)##...#
#### #..).(.##...#
#.....<###### ########


You could see a sky beast, an iguana and an orc.

Vanquished Creatures
  An orc warrior (D:5)
  A centaur (D:5)
  3 water moccasin zombies (Ossuary)
  A scorpion (D:4)
  A giant frog zombie (D:5)
  A jelly (D:3)
  The ghost of faibistes the Magician, a weakling DEWz (D:3)
  A centaur skeleton (D:5)
  2 hounds (D:4)
  An iguana (D:3)
  3 orc wizards
  A worker ant (D:4)
  A big kobold zombie (Ossuary)
  Ijyb (D:2)
  2 mummies (Ossuary)
  A hound skeleton (D:4)
  3 adders
  A worm (D:3)
  7 adder zombies (Ossuary)
  An ooze (D:4)
  11 orcs
  A ball python (D:3)
  A bat zombie (D:2)
  2 gnoll zombies (Ossuary)
  15 goblins
  13 hobgoblins
  3 jackals
  12 kobolds
  A quokka (D:5)
  13 bats
  6 giant cockroaches
  A giant gecko skeleton (D:4)
  6 giant newts
  A hobgoblin zombie (Ossuary)
  6 kobold zombies (Ossuary)
  4 orc zombies (Ossuary)
  A quokka zombie (D:5)
  7 rats
  2 rat zombies (D:2)
140 creatures vanquished.

Vanquished Creatures (collateral kills)
  A giant newt (D:2)
1 creature vanquished.

Grand Total: 141 creatures vanquished

Notes
Turn   | Place    | Note
--------------------------------------------------------------
     0 | D:1      | faibistes, the Deep Elf Wizard, began the quest for the Orb.
     0 | D:1      | Reached XP level 1. HP: 10/10 MP: 6/6
   629 | D:1      | Reached XP level 2. HP: 15/15 MP: 8/10
   644 | D:1      | Learned a level 2 spell: Blink
   647 | D:1      | Learned a level 2 spell: Call Imp
   781 | D:3      | Noticed faibistes' ghost (weakling DEWz)
   999 | D:1      | Reached skill level 5 in Spellcasting
  1513 | D:2      | Reached XP level 3. HP: 19/19 MP: 7/14
  1546 | D:2      | Learned a level 3 spell: Conjure Flame
  1550 | D:2      | Learned a level 3 spell: Mephitic Cloud
  1705 | D:2      | Found an ancient bone altar of Kikubaaqudgha.
  1855 | D:2      | Noticed Ijyb
  1865 | D:2      | Killed Ijyb
  2108 | D:2      | Found a deep blue altar of Sif Muna.
  2112 | D:2      | Learned a level 2 spell: Repel Missiles
  2175 | D:2      | Became a worshipper of Sif Muna the Loreminder
  2348 | D:2      | Found a blossoming altar of Fedhas.
  2696 | D:3      | Gained mutation: You have large cloven feet. [potion of beneficial mutation]
  2704 | D:4      | Found a sand-covered staircase.
  2705 | D:4      | Noticed a scorpion
  2709 | Ossuary  | Entered an ossuary
  3014 | Ossuary  | Reached XP level 4. HP: 24/24 MP: 6/17
  3022 | Ossuary  | Reached skill level 6 in Spellcasting
  3025 | Ossuary  | Reached XP level 5. HP: 14/28 MP: 5/20
  3524 | Ossuary  | Reached XP level 6. HP: 29/32 MP: 14/22
  3830 | Ossuary  | Reached skill level 7 in Spellcasting
  4053 | Ossuary  | Acquired Sif Muna's first power
  4958 | D:3      | Killed faibistes' ghost
  5312 | D:3      | Found a snail-covered altar of Cheibriados.
  5523 | D:4      | Killed a scorpion
  5523 | D:4      | Reached XP level 7. HP: 29/36 MP: 1/25
  5736 | D:5      | Entered Level 5 of the Dungeon
  5817 | D:4      | Found a sparkling altar of Nemelex Xobeh.
  6127 | D:4      | Found a radiant altar of Vehumet.
  6462 | D:4      | Reached skill level 1 in Fire Magic
  6529 | D:4      | Reached skill level 1 in Air Magic
  6795 | D:4      | Found a staircase to the Ecumenical Temple.
  6842 | Temple   | Entered the Ecumenical Temple
  7135 | D:5      | Reached skill level 1 in Poison Magic
  7460 | D:5      | Reached skill level 8 in Spellcasting
  7530 | D:5      | Acquired Sif Muna's second power
  7628 | D:5      | Slain by an iguana

Action                   |  1- 3 |  4- 6 |  7- 9 || total
-------------------------+-------+-------+-------++-------
Melee: Unarmed           |     2 |       |       ||     2
       Dagger            |     6 |    21 |     6 ||    33
 Cast: Magic Dart        |    99 |    97 |   115 ||   311
       Conjure Flame     |     7 |    23 |     3 ||    33
       Repel Missiles    |     2 |       |     1 ||     3
       Mephitic Cloud    |     1 |     5 |    11 ||    17
       Blink             |       |     3 |     3 ||     6
       Call Imp          |       |     1 |       ||     1
  Use: Scroll            |     8 |     1 |     3 ||    12
       Potion            |     1 |     1 |       ||     2
 Stab: Confused          |       |       |     1 ||     1
  Eat: Chunk             |     6 |     4 |     6 ||    16
       Fruit             |       |     5 |       ||     5
